 Dungeon Crawl Stone Soup version 0.23.1-37-gaa34b87b72 (webtiles) character file.

Game seed: 0

77443 Giel the Severer (level 15, -10/139 HPs)
             Began as a Hill Orc Fighter on Mar 18, 2019.
             Was the Champion of Beogh.
             Mangled by a phantasmal warrior (18 damage)
             ... on level 15 of the Dungeon on Mar 22, 2019.
             The game lasted 02:02:38 (24900 turns).

Giel the Severer (Hill Orc Fighter)                Turns: 24900, Time: 02:02:39

Health: -10/139    AC: 13    Str: 31    XL:     15   Next: 56%
Magic:  0/29       EV: 11    Int:  4    God:    Beogh [******]
Gold:   2437       SH: 14    Dex: 10    Spells: 14/14 levels left

rFire    . . .     SeeInvis .   L - +5 war axe of the Purse {elec, rF+ rC+ Str+2 Int-4}
rCold    + + .     Gourm    .   c - +0 shield
rNeg     . . .     Faith    .   E - +1 ring mail "Xenueseg" {rElec MP+9 Str+3}
rPois    +         Spirit   +   j - +0 helmet
rElec    +         Reflect  .   N - +0 cloak
rCorr    .         Harm     .   F - +0 pair of gloves
MR       +....                  (no boots)
Stlth    +.........             U - amulet of guardian spirit
HPRegen  0.33/turn              T - ring of poison resistance
MPRegen  0.21/turn              X - ring of ice

@: lightly drained
A: walk on water
a: Smiting, Recall Orcish Followers, Give Item to Named Follower, Resurrection,
Renounce Religion


You were on level 15 of the Dungeon.
You worshipped Beogh.
Beogh was exalted by your worship.
You were hungry.

You visited 3 branches of the dungeon, and saw 23 of its levels.
You also visited: Ice Cave.

You collected 2437 gold pieces.

Inventory:

Hand Weapons
 a - a +0 glaive
 r - a +2 halberd of freezing
 v - the +7 dagger "Oqidgh" {speed, Str+4}
   (You found it on level 5 of the Dungeon)

   Attacks with this weapon are significantly faster.
   It affects your strength (+4).
 L - the +5 war axe of the Purse (weapon) {elec, rF+ rC+ Str+2 Int-4}
   (You found it on level 10 of the Dungeon)

   Occasionally, upon striking a foe, it will discharge some electrical energy
   and cause terrible harm.
   It affects your strength (+2).
   It affects your intelligence (-4).
   It protects you from fire.
   It protects you from cold.
 Y - a +3 scimitar of flaming
Armour
 c - a +0 shield (worn)
 j - a +0 helmet (worn)
 E - the +1 ring mail "Xenueseg" (worn) {rElec MP+9 Str+3}
   (You found it on level 8 of the Dungeon)

   It affects your strength (+3).
   It insulates you from electricity.
   It affects your magic capacity (+9).
 F - a +0 pair of gloves (worn)
 N - a +0 cloak (worn)
Jewellery
 s - an uncursed ring of flight {unknown}
 T - a ring of poison resistance (left hand)
 U - an amulet of guardian spirit (around neck)
 X - a ring of ice (right hand)
Wands
 d - a wand of acid (10)
 w - a wand of iceblast (20)
 C - a wand of paralysis (11)
 G - a wand of disintegration (6)
 K - a wand of digging (16)
 Q - a wand of scattershot (5)
 V - a wand of polymorph (10)
Scrolls
 b - 5 scrolls of remove curse
 e - 5 scrolls of noise
 h - 6 scrolls of teleportation
 k - 2 scrolls of magic mapping
 m - 4 scrolls of immolation
 n - 3 scrolls of enchant weapon
 q - 6 scrolls of enchant armour {unknown}
 t - 5 scrolls of blinking
 y - 7 scrolls of amnesia
 A - 4 scrolls of fog
 B - a scroll of vulnerability {unknown}
 D - 2 scrolls of fear {unknown}
 P - 2 scrolls of holy word
Potions
 g - 5 potions of lignification
 l - 5 potions of curing
 o - 3 potions of berserk rage
 p - 4 potions of brilliance
 u - 10 potions of mutation
 x - 2 potions of invisibility
 H - 2 potions of agility
 I - a potion of might
 J - 3 potions of haste
 O - 3 potions of flight
 R - 3 potions of heal wounds
Comestibles
 f - 23 rations


   Skills:
 + Level 14.7(14.6) Fighting
 + Level 16.4(16.3) Axes
 + Level 13.8(13.7) Armour
 - Level 1.3(1.2) Dodging
 - Level 0.3(0.2) Stealth
 + Level 13.8(13.7) Shields
 + Level 6.7(6.6) Evocations


You had 14 spell levels left.
You didn't know any spells.
Your spell library contained the following spells:

 Spells                   Type           Power        Failure   Level  Hunger
 Shock                    Conj/Air       #...         65%         1    ##.....
 Summon Small Mammal      Summ           #...         65%         1    ##.....
 Blink                    Tloc           N/A          78%         2    ###....
 Call Imp                 Summ           #.......     78%         2    ###....
 Ensorcelled Hibernation  Hex/Ice        #.....       78%         2    ###....
 Shroud of Golubria       Chrm/Tloc      #.........   78%         2    ###....
 Swiftness                Chrm/Air       #.......     78%         2    ###....
 Call Canine Familiar     Summ           #.......     95%         3    ####...
 Gell's Gravitas          Tloc           #.........   95%         3    ####...
 Lesser Beckoning         Tloc           #.........   95%         3    ####...
 Recall                   Summ/Tloc      N/A          95%         3    ####...
 Static Discharge         Conj/Air       #.......     95%         3    ####...
 Summon Guardian Golem    Hex/Summ       #.......     95%         3    ####...
 Teleport Other           Tloc           #.......     95%         3    ####...
 Airstrike                Air            #.........   100%        4    #####..
 Animate Dead             Necr           N/A          100%        4    #####..
 Passage of Golubria      Tloc           N/A          100%        4    #####..
 Summon Ice Beast         Ice/Summ       #.......     100%        4    #####..
 Summon Lightning Spire   Summ/Air       #.......     100%        4    #####..
 Borgnjor's Vile Clutch   Necr/Erth      #.........   100%        5    ######.
 Lightning Bolt           Conj/Air       #.........   100%        5    ######.
 Silence                  Hex/Air        #.........   100%        5    ######.
 Darkness                 Hex            #.........   100%        6    #######
 Death Channel            Necr           #.........   100%        6    #######
 Shadow Creatures         Summ           N/A          100%        6    #######
 Simulacrum               Ice/Necr       #.........   100%        6    #######


Dungeon Overview and Level Annotations

Branches:
Dungeon (15/15)            Temple (0/1) D:6            Lair (6/6) D:11
 Shoals (0/4) Lair:4        Snake (0/4) Lair:4        Slime (0/5) Lair:6
    Orc (2/2) D:9             Elf (0/3) Orc:2        Vaults (0/5) D:13
 Depths: D:15

Altars:
Ashenzari
Dithmenos
Hepliaklqana
Makhleb
Qazlal
Trog
Wu Jian
Beogh

Shops:
D:5 !   D:6 [   D:8 =

Portals:
Hell: Lair:6

Annotations:
D:12 8 runed translucent doors
Lair:3 2 transporters, Oluanan's ghost, journeyman DsFi


Message History

Your orc warrior hits the skeletal warrior with a +0 war axe!!
Ogrik hits the skeletal warrior from afar with a +0 bardiche.
The skeletal warrior hits your orc warrior with a +0 scimitar!
The phantasmal warrior blinks!
Your orc warrior no longer looks unusually strong.
Your orc warrior completely misses the skeletal warrior.
The skeletal warrior hits your orc warrior with a +0 scimitar!
Ogrik barely misses the skeletal warrior.
The phantasmal warrior blinks!
Unknown command.
Unknown command.
Your orc warrior hits the skeletal warrior with a +0 war axe.
The skeletal warrior hits your orc warrior with a +0 scimitar!
The phantasmal warrior hits you!!
* * * LOW HITPOINT WARNING * * *
Ogrik hits the skeletal warrior from afar with a +0 bardiche!!
Your orc warrior hits the skeletal warrior with a +0 war axe!
The skeletal warrior hits your orc warrior with a +0 scimitar!
The phantasmal warrior hits you!!
You die...

...P... 8....8.
... .(.....
...#### .ยง...$.
.....# ......#
#....# ......#
#....####z.....#
#....##oo.$.....
#....##@#......#
#.(..##W#.......
#....##.#####.##
#..(.##.##### #
#..(o##...o.#
####...)######o#
........oo.o.##.#
.####...(###.##o#
#######(.#o##o#
###


You could see a skeletal warrior, a phantasmal warrior, the friendly Ogrik the
orc warlord and a friendly orc warrior.

Vanquished Creatures
  A frost giant (IceCv)
  Azrael (D:12)
  Josephine (D:11)
  A centaur warrior (D:12)
  A hydra (D:11)
  A two-headed ogre (D:13)
  A death yak (Lair:5)
  A tengu warrior (D:14)
  A necromancer (D:13)
  5 ugly things
  2 lindwurms (Lair:6)
  3 cyclopes
  A manticore (Lair:4)
  7 black mambas
  A gargoyle (D:12)
  3 spiny frogs
  A komodo dragon (Lair:4)
  3 rime drakes
  3 ice devils (Lair:6)
  Grinder (D:6)
  3 trolls
  2 hornets
  11 polar bears
  6 hippogriffs
  4 blink frogs
  Prince Ribbit (D:6)
  2 dream sheep (Lair:5)
  A slime creature (D:12)
  32 yaks
  A shadow (D:12)
  3 spriggans
  3 water elementals
  A wyvern (D:11)
  4 wraiths
  3 basilisks
  3 fire elementals (D:12)
  2 vampire mosquitoes (D:12)
  3 hungry ghosts
  A warg (Orc:2)
  2 porcupines
  A hell hound (Lair:6)
  7 water moccasins
  5 orc warriors
  A black bear (D:6)
  3 sky beasts
  4 ice beasts
  10 ogres
  2 eyes of draining
  8 centaurs
  11 wolves (IceCv)
  6 crocodiles
  2 big kobolds
  A gnoll sergeant (D:5)
  A wyvern zombie (D:14)
  7 bullfrogs
  2 wyvern skeletons (D:10)
  9 scorpions
  12 wights
  7 howler monkeys
  5 crimson imps
  2 bullfrog zombies
  2 centaur zombies
  A quasit (D:9)
  4 hounds
  2 jellies
  A bullfrog skeleton (D:11)
  4 orc priests
  5 orc wizards
  A centaur skeleton (D:12)
  Ijyb (D:3)
  5 iguanas
  7 hell rats
  14 worker ants
  A hound zombie (D:6)
  A hound skeleton (D:6)
  A worker ant zombie (D:11)
  12 gnolls
  2 howler monkey skeletons (D:10)
  17 adders
  3 shadow imps
  An ooze (D:2)
  2 adder skeletons
  An adder zombie (D:6)
  2 dart slugs
  2 worms
  2 leopard geckos
  20 orcs
  2 ball pythons (D:1)
  9 bats
  10 giant cockroaches
  10 goblins
  7 hobgoblins
  6 jackals (D:1)
  8 quokkas
  5 frilled lizards
  18 kobolds
  A quokka skeleton (D:7)
  10 rats
  3 bushes (Lair:5)
  6 fungi
  4 plants
446 creatures vanquished.

Vanquished Creatures (collateral kills)
  A juggernaut skeleton (D:15)
  Fannar (Lair:3)
  5 hydras
  A death knight (D:13)
  A two-headed ogre (D:12)
  4 death yaks (Lair:5)
  Urug (Lair:2)
  3 orc knights
  A sun demon (Lair:6)
  A wizard (Lair:6)
  A necromancer (D:15)
  A deep elf mage (D:13)
  An oklob plant (D:11)
  3 ugly things
  3 cyclopes
  An ice statue (IceCv)
  A centaur zombie (D:12)
  A black mamba (Lair:6)
  An orange demon (Lair:6)
  8 spiny frogs
  A gargoyle (D:11)
  An eye of devastation (Lair:6)
  2 rime drakes (Lair:6)
  A tengu conjurer (D:14)
  4 komodo dragons
  An ice devil (Lair:6)
  A red devil (Lair:6)
  A guardian mummy (D:15)
  6 polar bears (IceCv)
  A hellwing (Lair:6)
  A troll (D:14)
  3 hippogriffs
  7 blink frogs (Lair:6)
  4 dream sheep (Lair:5)
  2 water elementals (D:11)
  A wraith (D:14)
  A wyvern (D:14)
  A shadow (D:14)
  6 yaks
  2 basilisks
  3 fire elementals (D:12)
  2 vampire mosquitoes (D:12)
  4 wargs
  4 hell hounds
  9 water moccasins
  A porcupine (Lair:4)
  7 orc warriors
  A black bear (Lair:3)
  7 ogres
  A phantom (D:10)
  2 wolves
  3 crocodiles
  4 bullfrogs
  A scorpion (D:14)
  A wyvern skeleton (D:11)
  3 wights (D:15)
  A crimson imp (D:11)
  2 orc wizards (Orc:2)
  A hound (D:11)
  2 orc priests
  3 hell rats
  2 worker ants
  13 orcs
  10 bushes (Lair:5)
  16 fungi
  14 plants
204 creatures vanquished.

Vanquished Creatures (others)
  An orc knight (D:15)
  An orc sorcerer (Lair:5)
  An ice beast (D:5)
  4 orc wizards
  3 orc warriors
  A hound (D:5)
  5 orc priests
  34 orcs
  30 bushes (Lair:5)
  12 fungi
  9 plants
101 creatures vanquished.

Grand Total: 751 creatures vanquished

Notes
Turn   | Place    | Note
-------+----------+-------------------------------------------
     0 | D:1      | Giel the Hill Orc Fighter began the quest for the Orb.
     0 | D:1      | Reached XP level 1. HP: 19/19 MP: 1/1
   300 | D:1      | Reached XP level 2. HP: 27/27 MP: 2/2
   372 | D:1      | Reached skill level 3 in Axes
   609 | D:1      | Reached XP level 3. HP: 26/33 MP: 3/3
  1234 | D:2      | Reached XP level 4. HP: 40/40 MP: 4/4
  1237 | D:2      | Reached skill level 4 in Axes
  1584 | D:2      | Reached skill level 1 in Dodging
  1851 | D:3      | Found an ornate altar of the Wu Jian Council.
  1919 | D:3      | Reached XP level 5. HP: 41/46 MP: 5/5
  2368 | D:3      | Noticed Ijyb
  2381 | D:3      | Killed Ijyb
  2601 | D:4      | Noticed an ogre
  2610 | D:4      | Killed an ogre
  2610 | D:4      | Reached skill level 5 in Axes
  2610 | D:4      | Reached XP level 6. HP: 37/53 MP: 6/6
  3173 | D:4      | Reached skill level 6 in Axes
  3852 | D:5      | Entered Level 5 of the Dungeon
  3878 | D:5      | Found Lobu's Distillery.
  3884 | D:5      | Reached XP level 7. HP: 46/60 MP: 7/7
  3913 | D:5      | Reached skill level 5 in Shields
  4208 | D:5      | Became a worshipper of Beogh the Brigand
  4288 | D:5      | Reached skill level 7 in Axes
  4353 | D:5      | Reached skill level 5 in Armour
  4651 | D:5      | Got a steaming dagger
  4652 | D:5      | Identified the +7 dagger "Oqidgh" {speed, Str+4} (You found
                  | it on level 5 of the Dungeon)
  4857 | D:5      | Reached skill level 5 in Fighting
  5238 | D:5      | Reached * piety under Beogh
  5238 | D:5      | Reached XP level 8. HP: 66/68 MP: 8/8
  5652 | D:6      | Noticed Prince Ribbit
  5671 | D:6      | Killed Prince Ribbit
  5671 | D:6      | Reached skill level 8 in Axes
  5869 | D:6      | Found Zuicrump's Armour Shoppe.
  6167 | D:6      | Found a staircase to the Ecumenical Temple.
  6463 | D:6      | Found a hazy altar of Hepliaklqana.
  6463 | D:6      | Found a stormy altar of Qazlal.
  6464 | D:6      | Found a burning altar of Makhleb.
  6465 | D:6      | Found a shattered altar of Ashenzari.
  6466 | D:6      | Found a shadowy altar of Dithmenos.
  6475 | D:6      | Noticed Grinder
  6499 | D:6      | Paralysed by Grinder for 7 turns
  6511 | D:6      | Killed Grinder
  6511 | D:6      | Reached skill level 9 in Axes
  6511 | D:6      | Reached XP level 9. HP: 57/78 MP: 9/9
  7249 | D:7      | Reached ** piety under Beogh
  8106 | D:7      | Reached skill level 10 in Axes
  8465 | D:8      | Found Duakan's Jewellery Shoppe.
  8558 | D:8      | Got an encrusted ring mail
  8569 | D:8      | Identified the cursed +1 ring mail "Xenueseg" {rElec MP+9
                  | Str+3} (You found it on level 8 of the Dungeon)
  8643 | D:8      | Reached XP level 10. HP: 49/90 MP: 9/10
  9740 | D:9      | Found a staircase to the Orcish Mines.
 10064 | D:10     | Entered Level 10 of the Dungeon
 10139 | D:10     | Reached *** piety under Beogh
 10334 | D:10     | Got a dazzling war axe
 10335 | D:10     | Identified the +5 war axe of the Purse {elec, rF+ rC+ Str+2
                  | Int-4} (You found it on level 10 of the Dungeon)
 10370 | D:10     | Reached skill level 11 in Axes
 10640 | D:10     | Paralysed by a hornet for 2 turns
 10914 | D:11     | Noticed a four-headed hydra
 10918 | D:11     | Killed a four-headed hydra
 10956 | D:11     | Noticed a gargoyle
 10963 | D:11     | Killed a gargoyle
 10963 | D:11     | Reached XP level 11. HP: 88/99 MP: 11/11
 11032 | D:11     | Noticed a brown ugly thing
 11039 | D:11     | Killed a brown ugly thing
 11039 | D:11     | Reached skill level 10 in Fighting
 11140 | D:11     | Noticed an orc knight
 11226 | D:11     | Found a roughly hewn altar of Beogh.
 11245 | D:11     | Reached **** piety under Beogh
 11285 | D:11     | Found a staircase to the Lair.
 11294 | D:11     | Noticed an oklob plant
 11299 | D:11     | Killed an oklob plant
 11299 | D:11     | Reached skill level 12 in Axes
 11636 | D:11     | Noticed Josephine
 11644 | D:11     | Killed Josephine
 11644 | D:11     | Reached skill level 10 in Armour
 11644 | D:11     | Reached skill level 10 in Shields
 11987 | Lair:1   | Entered Level 1 of the Lair of Beasts
 12065 | Lair:1   | Noticed a four-headed hydra
 12073 | Lair:1   | Killed a three-headed hydra
 12095 | Lair:1   | Gained Morguth as an ally
 12326 | Lair:1   | Noticed a five-headed hydra
 12335 | Lair:1   | Killed a six-headed hydra
 12970 | Lair:2   | Noticed Urug
 12980 | Lair:2   | Killed Urug
 12980 | Lair:2   | Reached XP level 12. HP: 82/110 MP: 12/12
 13665 | Lair:2   | Reached skill level 13 in Axes
 13914 | Lair:3   | Identified the +4 trident of the Boar {venom, rF+ Str-2
                  | Int+2}
 13914 | Lair:3   | Noticed a spriggan rider
 13916 | Lair:3   | Noticed Oluanan's ghost (journeyman DsFi)
 13924 | Lair:3   | Found a bloodstained altar of Trog.
 13936 | Lair:3   | Found a transporter.
 14021 | Lair:3   | Found a transporter.
 14218 | Lair:3   | Noticed Fannar
 14225 | Lair:3   | Killed Fannar
 14310 | Lair:3   | You fall through a shaft!
 14312 | Lair:4   | Upgraded the game from 0.23.1 to 0.23.1-37-gaa34b87b72
 15221 | Lair:4   | Found a staircase to the Shoals.
 15244 | Lair:4   | Found a staircase to the Snake Pit.
 15845 | Lair:5   | Noticed a death yak
 15845 | Lair:5   | Noticed a death yak
 15849 | Lair:5   | Noticed a death yak
 15850 | Lair:5   | Noticed a death yak
 15855 | Lair:5   | Killed a death yak
 15855 | Lair:5   | Reached ***** piety under Beogh
 15855 | Lair:5   | Noticed a death yak
 15859 | Lair:5   | Killed a death yak
 15862 | Lair:5   | Killed a death yak
 15866 | Lair:5   | Killed a death yak
 15871 | Lair:5   | Killed a death yak
 15871 | Lair:5   | Reached skill level 14 in Axes
 15873 | Lair:5   | Your ally Morguth died
 16580 | D:11     | Reached XP level 13. HP: 81/119 MP: 13/13
 17427 | D:12     | Found a large runed translucent door.
 17429 | D:12     | Found a large runed translucent door.
 17430 | D:12     | Found a large runed translucent door.
 17431 | D:12     | Noticed a frost giant
 17433 | D:12     | Found a large runed translucent door.
 17433 | D:12     | Noticed a yaktaur captain
 17598 | D:12     | Found a large runed translucent door.
 17607 | D:12     | Found a large runed translucent door.
 17703 | D:12     | Noticed Azrael
 17711 | D:12     | Found a large runed translucent door.
 17711 | D:12     | Found a large runed translucent door.
 17711 | D:12     | Gained Ogrik as an ally
 17720 | D:12     | Reached skill level 1 in Evocations
 18064 | D:12     | Killed Azrael
 18280 | D:12     | Reached ****** piety under Beogh
 18926 | D:12     | Reached skill level 15 in Axes
 18926 | D:12     | Reached XP level 14. HP: 130/130 MP: 17/17
 19058 | Orc:1    | Entered Level 1 of the Orcish Mines
 19248 | Orc:1    | Found a frozen archway.
 19261 | IceCv    | Entered an ice cave
 19408 | IceCv    | Noticed a frost giant
 19424 | IceCv    | Gained Marbork as an ally
 19433 | IceCv    | Killed a frost giant
 19719 | IceCv    | Got a jewelled glaive
 19735 | IceCv    | Identified the +5 glaive of Starshine {speed, Dex+4} (You
                  | found it in an ice cave)
 20624 | Orc:2    | Entered Level 2 of the Orcish Mines
 20629 | Orc:2    | Reached skill level 5 in Evocations
 20851 | Orc:2    | Found a staircase to the Elven Halls.
 20955 | Orc:2    | Gained Bogward as an ally
 21472 | Lair:5   | Reached XP level 15. HP: 117/138 MP: 18/18
 21849 | Lair:6   | Entered Level 6 of the Lair of Beasts
 22108 | Lair:6   | Found a staircase to the Slime Pits.
 22347 | Lair:6   | Found a burning altar of Makhleb.
 22355 | Lair:6   | Reached skill level 16 in Axes
 22374 | Lair:6   | Found a gateway to Hell.
 23354 | D:13     | Found a roughly hewn altar of Beogh.
 23594 | D:13     | Found a gate to the Vaults.
 23809 | D:13     | Found a bloodstained altar of Trog.
 24714 | D:15     | Entered Level 15 of the Dungeon
 24894 | D:15     | Your ally Bogward died
 24900 | D:15     | Mangled by a phantasmal warrior

Skill      XL: |  1  2  3  4  5  6  7  8  9 10 11 12 13 14 15 |
---------------+----------------------------------------------+-----
Axes           | 3 4 5 6 7 9 10 11 12 14 15 16 | 16.4
Fighting       | 4 5 6 8 9 11 12 13 14 | 14.7
Dodging        | 1 |  1.3
Armour         | 4 5 6 8 9 10 11 12 13 | 13.8
Shields        | 4 5 6 8 9 10 11 12 13 | 13.8
Evocations     | 4 5 6 |  6.7
Stealth        | |  0.3

Action                   |  1- 3 |  4- 6 |  7- 9 | 10-12 | 13-15 || total
-------------------------+-------+-------+-------+-------+-------++-------
Melee: War axe           |   116 |   192 |   372 |   415 |   463 ||  1558
Invok: Convert to Beogh  |       |       |     1 |       |       ||     1
       Smiting           |       |       |       |     1 |       ||     1
       Recall Orcish Fol |       |       |       |     4 |     8 ||    12
       Stop Recall       |       |       |       |       |     3 ||     3
       Give Item to Name |       |       |       |       |     2 ||     2
Evoke: Wand              |       |       |     3 |     3 |       ||     6
  Use: Scroll            |       |     3 |     8 |     2 |    10 ||    23
       Potion            |       |       |     4 |     2 |     9 ||    15
 Stab: Distracted        |       |       |       |     3 |     4 ||     7
       Confused          |       |       |       |     1 |       ||     1
  Eat: Chunk             |     1 |     7 |    11 |    15 |    16 ||    50
       Ration            |       |     1 |     1 |     3 |     3 ||     8
Armor: Scale mail        |    85 |    74 |    44 |       |       ||   203
       Chain mail        |       |       |   117 |       |       ||   117
       Ring mail         |       |       |     9 |    71 |   122 ||   202
       Skin              |       |       |       |     6 |    17 ||    23
Dodge: Dodged            |    45 |    55 |   102 |   121 |   133 ||   456
Block: Shield            |    73 |    98 |   208 |   216 |   266 ||   861
